 Dungeon Crawl Stone Soup version 0.23.2-33-g5129a83184 (webtiles) character file.

Game seed: 2150545839407264494

56 DildoBatman the Conjurer (level 4, -2/30 HPs)
             Began as a Formicid Wizard on July 22, 2019.
             Slain by a kobold (3 damage)
             ... on level 2 of the Dungeon.
             The game lasted 00:03:07 (1339 turns).

DildoBatman the Conjurer (Formicid Wizard)          Turns: 1339, Time: 00:03:08

Health: -2/30      AC:  3    Str: 12    XL:     4   Next: 15%
Magic:  0/8        EV: 12    Int: 18    God:
Gold:   108        SH:  0    Dex:  9    Spells: 2/9 levels left

rFire    . . .     SeeInvis +   a - +2 dagger (drain)
rCold    . . .     Gourm    .   (no shield)
rNeg     . . .     Faith    .   e - +0 robe
rPois    .         Spirit   +   (helmet unavailable)
rElec    .         Reflect  .   (no cloak)
rCorr    .         Harm     .   (no gloves)
MR       .....                  g - +0 pair of boots
Stlth    +++.......             k - amulet of guardian spirit
HPRegen  0.10/turn              n - ring of stealth
MPRegen  0.11/turn              (no ring)

@: no status effects
A: permanent stasis, dig shafts and tunnels, four strong arms, antennae 3
a: Dig, Shaft Self


You were on level 2 of the Dungeon.
You were not hungry.

You visited 1 branch of the dungeon, and saw 2 of its levels.

You collected 108 gold pieces.

Inventory:

Hand Weapons
 a - a +2 dagger of draining (weapon)
 b - a +2 mace of holy wrath
Missiles
 d - 91 stones (quivered)
 j - 21 sling bullets
 m - 22 arrows
Armour
 e - a +0 robe (worn)
 g - a +0 pair of boots (worn)
Jewellery
 k - an amulet of guardian spirit (around neck)
 n - a ring of stealth (left hand)
Scrolls
 h - a scroll of enchant armour {unknown}
 i - a scroll of remove curse {unknown}
 l - a scroll of amnesia {unknown}
Potions
 c - 2 potions of brilliance {unknown}
Comestibles
 f - 11 chunks of flesh
 v - 5 rations


   Skills:
 - Level 1.7 Dodging
 - Level 2.4 Stealth
 - Level 3.2 Spellcasting
 * Level 3.3 Conjurations
   Level 1.0 Summonings
   Level 0.8 Translocations


You had 2 spell levels left.
You knew the following spells:

 Your Spells              Type           Power        Failure   Level  Hunger
a - Conjure Flame         Conj/Fire      #.......     24%         3    ###....
c - Magic Dart            Conj           ##..         4%          1    None
e - Mephitic Cloud        Conj/Pois/Air  #.......     30%         3    ###....

Your spell library contained the following spells:

 Spells                   Type           Power        Failure   Level  Hunger
 Call Imp                 Summ           #.......     16%         2    ##.....
 Slow                     Hex            #.......     24%         2    ##.....
 Blink                    Tloc           Unusable     N/A         2    N/A

Dungeon Overview and Level Annotations

Branches:
Dungeon (2/15)

Altars:

Annotations:
D:2 exclusions: gnoll and sensed monster (detected)


Innate Abilities, Weirdness & Mutations

You cannot be hasted, slowed, berserked, paralysed or teleported.
You can dig through walls and to a lower floor.
Your four strong arms can wield two-handed weapons with a shield.
You have a pair of large antennae on your head. (SInv)


Message History

g - Guard the area. f - Follow me.
Anything else - Cancel.
You shout for attention!
The gnoll barely misses you. The gnoll hits you but does no damage.
The gnoll hits you from afar with a +0 spear.
The kobold hits you but does no damage.
The gnoll hits you from afar with a +0 spear.
What are your orders? t - Shout!
Orders for allies: a - Attack new target. r - Retreat! s - Stop attacking. g - Guard the area. f - Follow me.
Anything else - Cancel.
You shout for attention!
The gnoll closely misses you. The gnoll barely misses you.
The gnoll closely misses you. The kobold hits you.
You die...

....................
....................
................#... ##
................#.## ...
....{......#####..# ....
###....##........#
.....####....##........#
.............##........#
...r..K@...............#
#####.gg...............#
#g.g.........#####.#
#............#####..
###...................
..........##.รท........
g.........##..........
....########..........
... #..........


You could see 4 gnolls, a kobold and a rat.

Vanquished Creatures
  An adder (D:2)
  A worm (D:2)
  2 dart slugs (D:1)
  2 giant cockroaches
  6 goblins (D:1)
  4 hobgoblins
  2 jackals (D:1)
  6 kobolds
  4 bats (D:1)
  4 frilled lizards
  6 rats
38 creatures vanquished.

Notes
Turn   | Place    | Note
-------+----------+-------------------------------------------
     0 | D:1      | DildoBatman the Formicid Wizard began the quest for the
                  | Orb.
     0 | D:1      | Reached XP level 1. HP: 13/13 MP: 4/4
   137 | D:1      | Reached skill level 1 in Conjurations
   288 | D:1      | Reached XP level 2. HP: 19/19 MP: 3/6
   484 | D:1      | Reached XP level 3. HP: 13/24 MP: 3/7
   489 | D:1      | Learned a level 3 spell: Conjure Flame
   493 | D:1      | Learned a level 3 spell: Mephitic Cloud
  1271 | D:2      | Reached XP level 4. HP: 9/30 MP: 1/8
  1338 | D:2      | HP: 1/30 [gnoll/+0 spear (3)]
  1339 | D:2      | Slain by a kobold

Skill      XL: |  1  2  3 |
---------------+----------+-----
Conjurations   | 1 2 3 |  3.3
Dodging        | |  1.7
Stealth        | |  2.4
Spellcasting   | |  3.2
Summonings     | |  1.0
Translocations | |  0.8

Action                   |  1- 3 |  4- 6 || total
-------------------------+-------+-------++-------
Melee: Mace              |     4 |       ||     4
       Dagger            |    55 |       ||    55
 Cast: Magic Dart        |    63 |       ||    63
  Eat: Chunk             |     1 |       ||     1
Armor: Robe              |    21 |     2 ||    23
Dodge: Dodged            |    51 |     9 ||    60
